 Dungeon Crawl Stone Soup version 0.20-a0-507-gc86f373 (webtiles) character file.

20 kuniqs the Covered (level 2, 0/24 HPs)
             Began as a Barachian Fighter on Jan 21, 2017.
             Slain by a kobold (4 damage)
             ... on level 2 of the Dungeon.
             The game lasted 00:01:15 (820 turns).

kuniqs the Covered (Barachian Fighter)               Turns: 820, Time: 00:01:16

Health: 0/24       AC:  5    Str: 14    XL:     2   Next: 79%
Magic:  2/2        EV: 10    Int:  6    God:
Gold:   46         SH:  4    Dex: 10    Spells: 1/1 levels left

rFire    . . .     SeeInvis .   a - +0 war axe
rCold    . . .     Gourm    .   m - +0 ring mail
rNeg     . . .     Faith    .   k - +0 buckler
rPois    .         Spirit   .   (no helmet)
rElec    .         Reflect  .   (no cloak)
rCorr    .         Harm     .   (no gloves)
MR       .....                  (no boots)
Stlth    ..........             (no amulet)
Regen    0.1/turn               (no ring)
                                (no ring)

@: lethally poisoned (0 -> -2), slow
A: swims, slowness 1, strong legs 1
a: Hop


You were on level 2 of the Dungeon.
You were not hungry.

You visited 1 branch of the dungeon, and saw 2 of its levels.

You collected 46 gold pieces.

Inventory:

Hand Weapons
 a - a +0 war axe (weapon)
Missiles
 s - 4 curare-tipped needles
Armour
 b - a +0 scale mail
 c - a +0 shield
 k - a +0 buckler (worn)
 m - a +0 ring mail (worn)
Scrolls
 e - a scroll of fear {unknown}
 j - a scroll of enchant weapon {unknown}
 l - a scroll of remove curse {unknown}
 o - 2 scrolls of random uselessness {unknown}
 q - a scroll of noise {unknown}
 r - 3 scrolls of amnesia {unknown}
 t - a scroll of fog {unknown}
Potions
 h - 2 potions of flight {unknown}
 i - a potion of curing {unknown}
 p - a potion of might
Comestibles
 d - 3 bread rations
 f - 4 fruits
 g - a royal jelly
 n - a chunk of flesh


   Skills:
 + Level 3.2 Fighting
 + Level 2.2 Axes
 + Level 3.6 Armour
 + Level 1.1 Dodging
 + Level 3.2 Shields


You had one spell level left.
You didn't know any spells.

Dungeon Overview and Level Annotations

Branches:
Dungeon (2/15)

Altars:


Innate Abilities, Weirdness & Mutations

You can swim through water.
You cover ground slowly.
You can hop short distances.


Message History

You are too injured to fight recklessly!
You are too injured to fight recklessly!
You closely miss the adder. You hit the kobold. The adder barely misses you.
The kobold hits you.
* * * LOW HITPOINT WARNING * * *
The adder barely misses you.
You miss the adder. You closely miss the kobold. The kobold hits you.
* * * LOW HITPOINT WARNING * * *
The adder bites you but does no damage. The kobold closely misses you.
The adder closely misses you.
You miss the adder. You hit the quokka but do no damage.
You closely miss the kobold.
You feel sick. The quokka misses you. The adder bites you but does no damage.
The kobold hits you but does no damage.
The quokka bites you but does no damage.
You closely miss the adder. You closely miss the kobold. You hit the quokka.
The adder bites you but does no damage. The kobold hits you.
* * * LOW HITPOINT WARNING * * *
You block the quokka's attack. The adder barely misses you.
The kobold hits you.
You die...

##### .####...#
......r.# #.S@#
......K........
#+#.......##.!.
....####### ...
.. .


You could see an adder, a quokka and a kobold.

Vanquished Creatures
  2 leopard geckos (D:1)
  4 goblins (D:1)
  2 hobgoblins (D:1)
  2 kobolds (D:1)
  A bat (D:1)
  5 frilled lizards
  2 rats (D:1)
18 creatures vanquished.

Notes
Turn   | Place    | Note
-------+----------+-------------------------------------------
     0 | D:1      | kuniqs the Barachian Fighter began the quest for the Orb.
     0 | D:1      | Reached XP level 1. HP: 18/18 MP: 1/1
   130 | D:1      | Reached XP level 2. HP: 19/24 MP: 2/2
   746 | D:1      | Reached skill level 1 in Dodging
   820 | D:2      | Slain by a kobold

Vault maps used:
D:1:      dpeg_arrival_tiny_b, serial_forest, infiniplex_forest_clump_double,
          infiniplex_forest_lined_3, infiniplex_forest_straight_4,
          infiniplex_forest_clump_diagonal, infiniplex_forest_zigzag_1,
          infiniplex_forest_straight_2
D:2:      first_bread

Skill      XL: |  1  2 |
---------------+-------+-----
Dodging        | 1 |  1.1
Fighting       | |  3.2
Axes           | |  2.2
Armour         | |  3.6
Shields        | |  3.2

Action                   || total
-------------------------++-------
Melee: War axe           ||    46
Armor: Scale mail        ||     7
       Ring mail         ||     8
Dodge: Dodged            ||    21
Block: Shield            ||    12
       Buckler           ||     4
